 Dungeon Crawl Stone Soup version 0.19.1-1-g22dce08 (webtiles) character file.

59876 efeel the Frost Mage (level 14, -3/116 HPs)
             Began as a Demigod Ice Elementalist on Jan 10, 2017.
             Slain by an orc warrior
             ... wielding a +0 broad axe
             ... led by an orc knight
              (31 damage)
             ... on level 1 of the Orcish Mines on Jan 13, 2017.
             The game lasted 01:51:32 (33896 turns).

efeel the Frost Mage (Demigod Ice Elementalist)    Turns: 33896, Time: 01:51:33

Health: -3/116     AC: 13    Str: 11    XL:     14   Next: 19%
Magic:  28/32      EV: 11    Int: 27    God:
Gold:   1443       SH:  3    Dex: 16    Spells: 5 memorised, 16 levels left

rFire  + . .     SeeInvis .     I - +3 dagger (distort)
rCold  + . .     Gourm    .     e - +4 ring mail
rNeg   . . .     Faith    .     (no shield)
rPois  .         Spirit   .     q - +0 helmet
rElec  .         Reflect  +     L - +0 cloak
rCorr  .         Harm     .     (no gloves)
MR     +....                    (no boots)
Stlth  +.........               u - +3 amulet of reflection
                                S - ring of protection from fire
                                a - ring of protection from cold

@: no status effects
A: high mp 1
a: no special abilities


You were on level 1 of the Orcish Mines.
You were not hungry.

You visited 3 branches of the dungeon, and saw 20 of its levels.

You collected 1533 gold pieces.
You spent 90 gold pieces at shops.

Inventory:

Hand Weapons
 H - a +4 dagger of chaos
 I - a +3 dagger of distortion (weapon)
Missiles
 M - 6 poisoned javelins (quivered)
Armour
 e - a +4 ring mail (worn)
 q - a +0 helmet (worn)
 L - a +0 cloak (worn)
 R - the +8 plate armour of Words of Power {rPois MR+ Dex+5}
   (You found it on level 3 of the Lair of Beasts)

   It affects your dexterity (+5).
   It protects you from poison.
   It affects your resistance to hostile enchantments.
Jewellery
 a - a ring of protection from cold (left hand)
 u - a +3 amulet of reflection (around neck)
 N - an uncursed ring of positive energy
 S - a ring of protection from fire (right hand)
Wands
 k - a wand of disintegration (11/24)
 w - a wand of polymorph (17/24)
 x - a wand of flame (7/48)
 T - a wand of disintegration (7/24)
 U - a wand of iceblast (9/15)
 V - a wand of lightning (5/15)
 Z - a wand of confusion (27/48)
Scrolls
 d - 3 scrolls of amnesia
 g - 3 scrolls of enchant armour
 i - 5 scrolls of recharging
 r - 2 scrolls of magic mapping
 t - a scroll of vulnerability {unknown}
 y - a scroll of acquirement {unknown}
 C - 2 scrolls of teleportation
 D - 4 scrolls of remove curse
 Q - 2 scrolls of fog
 X - 2 scrolls of immolation
Potions
 h - 5 potions of lignification
 p - 4 potions of haste
 s - 7 potions of flight
 v - 2 potions of berserk rage
 z - 6 potions of curing
 A - a potion of might
 B - a potion of resistance {unknown}
 E - a potion of magic
 F - a potion of brilliance {unknown}
 K - a potion of invisibility {unknown}
 Y - 3 potions of cancellation
Books
 c - a book of Clouds

   Spells                             Type                      Level
   a - Mephitic Cloud                 Conjuration/Poison/Air       3
   b - Conjure Flame                  Conjuration/Fire             3
   c - Poisonous Cloud                Conjuration/Poison/Air       6
   d - Freezing Cloud                 Conjuration/Ice/Air          6
   e - Ring of Flames                 Charms/Fire                  7
 l - Kikubaaqudgha's Almanac of Black Rites
   (You found it on level 6 of the Dungeon)

   Spells                             Type                      Level
   a - Animate Skeleton               Necromancy                   1
 n - a book of Frost

   Spells                             Type                      Level
   a - Freeze                         Ice                          1
   b - Throw Frost                    Conjuration/Ice              2
   c - Ozocubu's Armour               Charms/Ice                   3
   d - Throw Icicle                   Conjuration/Ice              4
   e - Summon Ice Beast               Ice/Summoning                4
 O - a book of Geomancy

   Spells                             Type                      Level
   a - Sandblast                      Earth                        1
   b - Passwall                       Transmutation/Earth          2
   c - Stone Arrow                    Conjuration/Earth            3
   d - Petrify                        Transmutation/Earth          4
   e - Lee's Rapid Deconstruction     Earth                        5
Comestibles
 b - 3 chunks of flesh
 f - 28 fruits
 j - a royal jelly
 m - 7 beef jerkies
 G - 4 slices of pizza
 P - 2 meat rations
 W - 4 bread rations


   Skills:
 + Level 8.7 Fighting
 - Level 10.0 Short Blades
 + Level 7.0 Armour
 - Level 1.7 Dodging
 - Level 1.7 Stealth
 - Level 10.0 Spellcasting
 - Level 10.0 Conjurations
 - Level 6.1 Summonings
 - Level 10.0 Ice Magic
 + Level 3.8 Air Magic


You had 16 spell levels left.
You knew the following spells:

 Your Spells              Type           Power        Failure   Level  Hunger
a - Freeze                Ice            ####         1%          1    None
b - Throw Frost           Conj/Ice       ######       1%          2    None
c - Throw Icicle          Conj/Ice       ######..     1%          4    None
d - Summon Ice Beast      Ice/Summ       ######..     3%          4    None
e - Freezing Cloud        Conj/Ice/Air   ######....   67%         6    #####..


Dungeon Overview and Level Annotations

Branches:
Dungeon (12/15)            Temple (0/1) D:4            Lair (6/6) D:9
 Shoals (0/4) Lair:4       Spider (0/4) Lair:3        Slime (0/5) Lair:6
    Orc (2/2) D:12            Elf (0/3) Orc:2

Shops:
D:5 !   D:6 *[%%   Orc:2 ![=(

Annotations:
Lair:6 cba's ghost, journeyman OpVM
Abyss:1 Erica, Fannar, Gastronok


Innate Abilities, Weirdness & Mutations

You have an increased reservoir of magic. (+10% MP)


Message History

You start eating one of the 4 chunks of flesh.
This raw flesh tastes terrible.
There is a stone staircase leading up here.
You climb upwards.
The orc warlord shouts!
The orc shouts!
An orc comes into view.
The orc warrior shouts!
The warg bites you but does no damage. The orc warrior closely misses you.
The orc warrior hits you with a broad axe!
You block the orc warrior's attack. The warg bites you!
The orc hits you but does no damage.
The orc warlord roars a battlecry!
The orcs go into a battle-frenzy!
The orc warrior hits you from afar with a halberd!!
The orc warrior hits you with a long sword!!
There is a stone staircase leading down, spattered with blood here.
The warg bites you!
* * * LOW HITPOINT WARNING * * *
The orc warrior hits you with a broad axe!!
You die...

...... ..#.#..
.....#......o
#............
##............#.##
##................ ##
#................##.##
.#....ooh........#...#
.......@.o......#...#
.......ooo.o.#.....#
..#....o.....(.....#
..............>.#
............o.........
.............ooo......
.........#.##...o.....
......#.#.##.##ooo#o#.
.. .. #o.. #


You could see an orc warlord, a warg, an orc sorcerer (wandering), 5 orc
warriors, an orc wizard and 4 orcs.

Vanquished Creatures
  Donald (Orc:2)
  An ettin (Orc:2)
  4 hydras
  3 death yaks
  A hill giant (D:12)
  An orc knight (Orc:1)
  A lindwurm (Lair:6)
  2 ugly things
  2 orc sorcerers
  2 cyclopes
  4 black mambas
  Psyche (D:8)
  11 elephants
  8 spiny frogs
  A torpor snail (Lair:1)
  5 komodo dragons
  The ghost of fatfloppyjuicyveiny the Destroyer, a novice OpWz (D:4)
  3 trolls (Orc:2)
  A polar bear (Lair:6)
  A hornet (D:10)
  17 blink frogs
  A two-headed ogre (D:12)
  4 hippogriffs
  3 slime creatures
  2 redbacks (Lair:3)
  2 wyverns
  A vampire (D:10)
  3 basilisks
  26 yaks
  A steam dragon (D:12)
  3 wargs
  2 hungry ghosts
  2 insubstantial wisps (D:12)
  A mottled dragon (D:12)
  7 water moccasins
  4 porcupines
  33 orc warriors
  A phantom (D:10)
  3 sky beasts
  5 black bears
  4 ice beasts
  12 ogres
  3 necrophages (D:12)
  11 wolves
  14 centaurs
  10 crocodiles
  3 big kobolds
  13 bullfrogs
  A wyvern zombie (D:8)
  A wyvern skeleton (D:7)
  4 scorpions
  5 killer bees
  2 howler monkeys (D:11)
  10 wights
  2 electric eels (Lair:1)
  A quasit (D:10)
  4 crimson imps
  3 bullfrog skeletons
  11 orc priests
  9 hounds
  2 jellies
  4 centaur skeletons
  Natasha (D:2)
  17 orc wizards
  2 iguanas
  5 worker ants
  3 hound skeletons
  A worker ant zombie (D:5)
  4 gnolls
  19 adders
  2 shadow imps
  5 oozes
  An adder zombie (D:5)
  2 adder skeletons
  4 worms
  A dart slug (D:3)
  3 leopard geckos
  57 orcs
  A ball python (D:5)
  10 bats
  5 giant cockroaches
  12 goblins
  10 hobgoblins
  19 jackals
  21 kobolds
  6 quokkas
  4 frilled lizards
  A leopard gecko zombie (D:5)
  A quokka skeleton (D:5)
  7 rats
  A fungus (D:9)
529 creatures vanquished.

Vanquished Creatures (collateral kills)
  Rupert (Orc:1)
  A hydra (Lair:6)
  A centaur warrior (Orc:2)
  3 death yaks
  An orc knight (Orc:2)
  A manticore (D:12)
  A black mamba (Lair:5)
  6 elephants
  4 spiny frogs
  A troll (D:12)
  9 blink frogs
  6 dream sheep (Lair:4)
  9 yaks
  2 water moccasins
  3 porcupines
  3 orc warriors
  A centaur (D:12)
  An ogre (Orc:2)
  6 wolves
  3 crocodiles
  A bullfrog (Lair:4)
  A wight (D:10)
  3 orc priests
  4 orc wizards
  11 orcs
  A kobold (D:11)
  A fungus (Lair:5)
85 creatures vanquished.

Vanquished Creatures (others)
  The ghost of baghtru the Severer, a journeyman HOFi of the Shining One (Lair:4)
  A death yak (Lair:6)
  A manticore (D:11)
  4 elephants
  A spiny frog (Lair:2)
  2 komodo dragons
  2 hippogriffs
  2 yaks
  A warg (Orc:1)
  2 porcupines (Lair:3)
  2 orc warriors (Orc:2)
  A sky beast (D:12)
  A wolf (Lair:5)
  An ice beast (D:10)
  2 crocodiles
  2 big kobolds (D:11)
  2 bullfrogs (Lair:3)
  3 orc wizards
  A worker ant (D:12)
  6 orcs
  2 kobolds (D:11)
  2 bushes (Lair:6)
  33 fungi
  29 plants
104 creatures vanquished.

Grand Total: 718 creatures vanquished

Notes
Turn   | Place    | Note
-------+----------+-------------------------------------------
     0 | D:1      | efeel the Demigod Ice Elementalist began the quest for the Orb.
     0 | D:1      | Reached XP level 1. HP: 14/14 MP: 5/5
   128 | D:1      | Reached XP level 2. HP: 18/20 MP: 3/7
   872 | D:1      | Reached XP level 3. HP: 26/26 MP: 3/9
   993 | D:1      | Learned a level 2 spell: Throw Frost
  1265 | D:2      | Reached skill level 1 in Conjurations
  1658 | D:2      | Reached XP level 4. HP: 33/33 MP: 7/11
  1780 | D:2      | Noticed Natasha
  1792 | D:2      | Killed Natasha
  2072 | D:2      | Found a stormy altar of Qazlal.
  2072 | D:2      | Found a glowing golden altar of the Shining One.
  2077 | D:2      | Found a snail-covered altar of Cheibriados.
  2079 | D:2      | Found a shattered altar of Ashenzari.
  2080 | D:2      | Found a faded altar of an unknown god.
  2190 | D:3      | Reached XP level 5. HP: 28/38 MP: 5/12
  3440 | D:4      | Found a staircase to the Ecumenical Temple.
  3614 | D:4      | Noticed fatfloppyjuicyveiny's ghost (novice OpWz)
  3633 | D:4      | Killed fatfloppyjuicyveiny's ghost
  3633 | D:4      | Reached skill level 5 in Ice Magic
  3633 | D:4      | Reached XP level 6. HP: 15/45 MP: 1/13
  4386 | D:4      | Reached XP level 7. HP: 39/50 MP: 14/14
  4421 | D:5      | Entered Level 5 of the Dungeon
  4423 | D:5      | Found Hawaq's Distillery.
  4429 | D:5      | Bought a potion of heal wounds for 50 gold pieces
  4429 | D:5      | Bought a potion of curing for 30 gold pieces
  4429 | D:5      | Bought a potion of degeneration for 10 gold pieces
  4464 | D:5      | Found a white marble altar of Elyvilon.
  4752 | D:5      | Got a warped robe
  4763 | D:5      | Identified the cursed +0 robe of the Devil {rF+ Dex+3} (You found it on level 5 of the Dungeon)
  4785 | D:5      | Reached skill level 5 in Conjurations
  4803 | D:5      | Learned a level 4 spell: Throw Icicle
  5322 | D:6      | Found Yduneixih's Armour Boutique.
  5655 | D:6      | Reached XP level 8. HP: 46/57 MP: 8/16
  5744 | D:6      | Found Befoz's Food Emporium.
  5928 | D:6      | Found Fascheask's Food Shoppe.
  6570 | D:6      | Found a radiant altar of Vehumet.
  6574 | D:6      | Found an ancient bone altar of Kikubaaqudgha.
  6575 | D:6      | Found a deep blue altar of Sif Muna.
  6580 | D:6      | Identified Kikubaaqudgha's Almanac of Black Rites
  6876 | D:6      | Found Meupn's General Store.
  6905 | D:6      | Found a blossoming altar of Fedhas.
  6959 | D:6      | Found a sacrificial altar of Ru.
  7073 | D:7      | Found a bloodstained altar of Trog.
  7272 | D:6      | Reached XP level 9. HP: 17/62 MP: 2/17
  7290 | D:6      | HP: 3/62 [poisoned by a killer bee]
  7296 | D:6      | HP: 3/62 [poisoned by a killer bee]
  7304 | D:6      | HP: 2/62 [poisoned by a killer bee]
  8046 | D:7      | Found a sparkling altar of Nemelex Xobeh.
  8763 | D:8      | Noticed Psyche
  8775 | D:8      | Killed Psyche
  9495 | D:8      | Reached skill level 1 in Fighting
  9875 | D:9      | Found a staircase to the Lair.
 10782 | D:9      | Reached XP level 10. HP: 75/75 MP: 11/18
 11203 | D:9      | Learned a level 4 spell: Summon Ice Beast
 11227 | D:10     | Entered Level 10 of the Dungeon
 11336 | D:10     | Reached skill level 10 in Ice Magic
 11509 | D:10     | Reached skill level 1 in Summonings
 12019 | D:10     | Reached skill level 1 in Short Blades
 12074 | D:10     | Reached skill level 10 in Conjurations
 13284 | D:11     | Noticed a purple ugly thing
 13325 | D:11     | Killed a purple ugly thing
 13371 | D:11     | Noticed a manticore
 13377 | D:11     | Banished a manticore
 13564 | D:11     | Reached XP level 11. HP: 84/85 MP: 12/19
 14106 | Lair:1   | Entered Level 1 of the Lair of Beasts
 14335 | Lair:1   | Noticed a death yak
 14802 | Lair:1   | Reached skill level 5 in Summonings
 14819 | Lair:1   | Killed a death yak
 14954 | Lair:1   | Reached skill level 5 in Short Blades
 15451 | Lair:1   | Noticed Erica
 15512 | D:9      | Banished Erica
 15806 | Lair:1   | Noticed Gastronok
 15873 | Lair:1   | Banished Gastronok
 17236 | Lair:2   | Reached skill level 5 in Spellcasting
 17322 | Lair:2   | Noticed an eight-headed hydra
 17332 | Lair:2   | Killed an eight-headed hydra
 18116 | Lair:3   | Noticed Fannar
 18694 | Lair:3   | Reached XP level 12. HP: 91/92 MP: 13/24
 19058 | Lair:3   | Found an opulent altar of Gozag.
 19284 | Lair:3   | Banished Fannar
 19344 | Lair:3   | Got a bloodstained plate armour
 19426 | Lair:3   | Found a hole to the Spider Nest.
 19702 | Lair:3   | Identified the +8 plate armour of Words of Power {rPois MR+ Dex+5} (You found it on level 3 of the Lair of Beasts)
 19796 | Lair:4   | Found a staircase to the Shoals.
 20598 | Lair:4   | Noticed baghtru's ghost (journeyman HOFi)
 21647 | Lair:4   | Banished baghtru's ghost
 21647 | Lair:4   | Reached skill level 10 in Short Blades
 22081 | Lair:5   | Reached skill level 1 in Armour
 22520 | Lair:5   | Reached skill level 5 in Fighting
 23043 | Lair:5   | Reached XP level 13. HP: 65/100 MP: 3/30
 23344 | Lair:5   | Got a dazzling long sword
 23645 | Lair:6   | Entered Level 6 of the Lair of Beasts
 24591 | Lair:6   | Found a viscous altar of Jiyva.
 24594 | Lair:6   | Found a staircase to the Slime Pits.
 24977 | Lair:6   | Noticed cba's ghost (journeyman OpVM)
 26742 | D:12     | Found a staircase to the Orcish Mines.
 26895 | D:12     | Reached skill level 5 in Armour
 27379 | D:12     | Found a radiant altar of Vehumet.
 27401 | D:12     | Identified the +3 long sword "String" {protect, +Blink rC- Str+2 Dex+5} (You found it on level 5 of the Lair of Beasts)
 27732 | Orc:1    | Entered Level 1 of the Orcish Mines
 28137 | Orc:2    | Entered Level 2 of the Orcish Mines
 28156 | Orc:2    | Noticed Rupert
 28158 | Orc:2    | Found a staircase to the Elven Halls.
 28196 | Orc:1    | Killed Rupert
 28196 | Orc:1    | Reached skill level 10 in Spellcasting
 28372 | Orc:2    | Noticed Donald
 28387 | Orc:2    | Killed Donald
 28645 | Orc:2    | Learned a level 6 spell: Freezing Cloud
 29028 | Orc:2    | Reached skill level 1 in Air Magic
 31169 | D:12     | Reached XP level 14. HP: 113/115 MP: 16/32
 32890 | Orc:1    | Noticed an orc warlord
 33126 | Orc:2    | Found Semya's Jewellery Boutique.
 33126 | Orc:2    | Found Wasmil's Antique Armour Shoppe.
 33128 | Orc:2    | Found Nofenyus's Distillery.
 33130 | Orc:2    | Found Kohy's Weapon Shop.
 33896 | Orc:1    | Slain by an orc warrior

Skill      XL: |  1  2  3  4  5  6  7  8  9 10 11 12 13 14 |
---------------+-------------------------------------------+-----
Spellcasting   | 2 3 5 8 10 | 10.0
Ice Magic      | 3 5 6 8 9 10 | 10.0
Conjurations   | 1 2 4 5 7 9 10 | 10.0
Fighting       | 2 4 5 8 |  8.7
Summonings     | 4 6 |  6.1
Short Blades   | 3 8 10 | 10.0
Armour         | 2 6 7 |  7.0
Air Magic      | 2 3 |  3.8
Dodging        | |  1.7
Stealth        | |  1.7

Action                   |  1- 3 |  4- 6 |  7- 9 | 10-12 | 13-15 || total
-------------------------+-------+-------+-------+-------+-------++-------
Melee: Unarmed           |    12 |    17 |       |       |       ||    29
       Mace              |       |    30 |   374 |    66 |       ||   470
       Dagger            |       |       |       |   604 |   521 ||  1125
Throw: Javelin           |       |       |       |     1 |       ||     1
 Cast: Freeze            |    65 |    68 |    24 |   105 |    26 ||   288
       Throw Frost       |       |    19 |    24 |   119 |    38 ||   200
       Throw Icicle      |       |       |    50 |   129 |   238 ||   417
       Summon Ice Beast  |       |       |       |   100 |    78 ||   178
  Use: Potion            |       |     2 |     3 |     2 |     5 ||    12
       Scroll            |       |       |    13 |     4 |    10 ||    27
 Stab: Sleeping          |       |       |     6 |     4 |     1 ||    11
       Distracted        |       |       |     1 |     6 |     3 ||    10
  Eat: Chunk             |     2 |     9 |    21 |    51 |    35 ||   118
       Bread ration      |       |       |     3 |     1 |       ||     4
       Fruit             |       |       |       |    10 |       ||    10
Armor: Robe              |    10 |       |     7 |       |       ||    17
       Ring mail         |    10 |    46 |   211 |   196 |   161 ||   624
Dodge: Dodged            |    44 |    61 |   307 |   243 |   242 ||   897
Block: Other             |       |     2 |    73 |    63 |    44 ||   182
       Reflection        |       |       |     2 |     3 |    16 ||    21
